 Dungeon Crawl Stone Soup version 0.18.1-50-g88ac8fd (webtiles) character file.

8 Gargoyl the Skirmisher (level 2, 24/24 HPs)
             Began as a Demonspawn Abyssal Knight on Oct 29, 2016.
             Was a Follower of Lugonu.
             Quit the game on level 1 of the Dungeon.
             The game lasted 00:00:52 (580 turns).

Gargoyl the Skirmisher (Demonspawn Abyssal Knight)   Turns: 580, Time: 00:00:53

Health: 24/24      AC:  8    Str: 12    XL:     2   Next: 0%
Magic:  3/3        EV:  5    Int: 13    God:    Lugonu [*.....]
Gold:   24         SH:  0    Dex: 12    Spells: 0 memorised, 1 level left

rFire  . . .     SeeInvis .     a - +1 hand axe
rCold  . . .     Gourm    .     d - +0 chain mail
rNeg   . . .     Faith    .     (no shield)
rPois  .         Spirit   +     (no helmet)
rElec  .         Dismiss  .     (no cloak)
rCorr  .         Reflect  .     (no gloves)
SustAt .         Harm     .     (no boots)
MR     .....                    (no amulet)
Stlth  ..........               (no ring)
                                (no ring)

@: not resistant to hostile enchantments, extremely unstealthy
A: magic shield
a: Depart the Abyss, Renounce Religion


You were on level 1 of the Dungeon.
You worshipped Lugonu.
Lugonu was aware of your devotion.
You were not hungry.

You visited 1 branch of the dungeon, and saw 1 of its levels.
You visited the Abyss 1 time.

You collected 24 gold pieces.

Inventory:

Hand Weapons
 a - a +1 hand axe (weapon)
Armour
 b - a +0 leather armour
 d - a +0 chain mail (worn)
Scrolls
 e - a scroll of magic mapping {unknown}
 f - a scroll of identify {unknown}
Comestibles
 c - a bread ration


   Skills:
 + Level 3.1 Fighting
 + Level 1.8 Axes
 * Level 2.0 Armour
 + Level 1.0 Dodging
 * Level 2.6 Invocations


You had one spell level left.
You didn't know any spells.

Dungeon Overview and Level Annotations

Branches:
Dungeon (1/15)

Altars:


Innate Abilities, Weirdness & Mutations

When hurt, damage is shared between your health and your magic reserves.


Message History

The kobold hits you but does no damage. The kobold barely misses you.
You closely miss the kobold. The kobold closely misses you.
You hit the kobold.
You kill the kobold!
Lugonu accepts your kill.
Things that are here:
a short sword; a kobold corpse
f - a scroll labeled NAOFRO VAGAGI You found a teleport trap!
A giant newt comes into view.
The giant newt bites you but does no damage.
A giant newt is nearby!
The giant newt bites you but does no damage.
You hit the giant newt.
You kill the giant newt!
Lugonu accepts your kill.
You have reached level 2!
Your demonic ancestry asserts itself...
You feel your magical essence form a protective shroud around your flesh.
Are you sure you want to abandon this character and quit the game? (Confirm with "yes".)

#####.# #.....# ..#####.#
## ........# #. ###...
#.###### ##. #.#.#...
..†..# ..#.#..#..#...
###..# #.##...#...#.# #
#...# #.#.@†........ #
#...# #.##.##.#...#
......# #.##.....#..#
#.##..#######.####....#.#
#...............##.....#
#.##..#######.#....#####
........# #......###
####..#.###......#
......#.##.......#


There were no monsters in sight!

Vanquished Creatures
  2 jackals (D:1)
  A giant newt (D:1)
  4 kobolds (D:1)
  A rat (D:1)
8 creatures vanquished.

Vanquished Creatures (others)
  4 starspawn tentacles (Abyss:1)
4 creatures vanquished.

Grand Total: 12 creatures vanquished

Notes
Turn   | Place    | Note
--------------------------------------------------------------
     0 | Abyss:1  | Gargoyl the Demonspawn Abyssal Knight began the quest for the Orb.
     0 | Abyss:1  | Reached XP level 1. HP: 18/18 MP: 2/2
   107 | Abyss:1  | Noticed a small abomination
   118 | Abyss:1  | Noticed a large abomination
   143 | Abyss:1  | Noticed a tentacled starspawn
   160 | D:1      | Escaped the Abyss
   397 | D:1      | Reached * piety under Lugonu
   456 | D:1      | Reached skill level 1 in Dodging
   579 | D:1      | Gained mutation: When hurt, damage is shared between your health and your magic reserves. [demonic ancestry]
   579 | D:1      | Reached XP level 2. HP: 24/24 MP: 3/3
   580 | D:1      | Quit the game

Skill      XL: |  1 |
---------------+----+-----
Armour         | 2 |  2.0
Dodging        | 1 |  1.0
Fighting       | |  3.1
Axes           | |  1.8
Invocations    | |  2.6

Action                   || total
-------------------------++-------
Melee: Hand axe          ||    23
Invok: Depart the Abyss  ||     1
Armor: Chain mail        ||    24
Dodge: Dodged            ||     9
